 Seeded DCSS version 0.30.0-29-ga12c61a403 (webtiles) character file.

Game seed: 7229806256980976716 (custom seed)

25 OTABOTABOTAB the Shield-Bearer (level 3, 20/20 HPs)
             Began as a Vine Stalker Fighter on June 24, 2023.
             Quit the game on level 1 of the Dungeon.
             The game lasted 00:00:48 (754 turns).

OTABOTABOTAB the Shield-Bearer (VSFi)                Turns: 754, Time: 00:00:48

Health: 20/20      AC:  6    Str: 20    XL:     3   Next: 4%
Magic:  4/4        EV:  9    Int:  8    God:
Gold:   50         SH:  4    Dex: 13    Spells: 2/2 levels left

rFire   . . .        a - +0 rapier
rCold   . . .        c - +0 buckler
rNeg    . . .        b - +0 scale mail
rPois   .            (no helmet)
rElec   .            (no cloak)
rCorr   .            (no gloves)
SInv    .            (no boots)
Will    .....        (no amulet) Stlth
                     (no ring)
HPRegen 0.23/turn    (no ring)
MPRegen 0.09/turn

%: guardian spirit
@: no status effects
A: fangs 2, magic shield, antimagic bite, no potion heal 2
a: no special abilities


You were on level 1 of the Dungeon.
You visited 1 branch of the dungeon, and saw 1 of its levels.

You collected 50 gold pieces.

Inventory:

Hand Weapons
 a - a +0 rapier (weapon)
Missiles
 e - a throwing net {!d}
 s - 10 stones (quivered)
Armour
 b - a +0 scale mail (worn)
 c - a +0 buckler (worn)
Scrolls
 d - 2 scrolls of amnesia {unknown}
 f - a scroll of blinking {unknown}
 h - a scroll of enchant armour {unknown}
 i - 2 scrolls of identify {unknown}
 j - a scroll of teleportation {unknown}
 k - a scroll of acquirement
Potions
 g - a potion of mutation {unknown}
 M - 2 potions of might


   Skills:
 + Level 3.0 Fighting
 + Level 2.1 Short Blades
 + Level 2.7 Armour
 + Level 3.0 Shields


You had 2 spell levels left.
You didn't know any spells.
Your spell library was empty.

Dungeon Overview and Level Annotations

Branches:
Dungeon (1/15)

Altars:


Innate Abilities, Weirdness & Mutations

You have extremely sharp teeth.
When hurt, damage is shared between your health and your magic reserves.
Your bite disrupts and absorbs the magic of your enemies.
Potions cannot restore your health.


Message History

The stone hits the goblin.
A goblin is nearby!
You throw a stone.
The stone hits the goblin but does no damage.
MP restored: 3 A goblin is nearby!
You throw a stone. The stone barely misses the goblin.
You throw a stone. The stone closely misses the goblin.
A jackal comes into view.
A giant cockroach comes into view.
A jackal comes into view.
The jackal barks!
The goblin hits you but does no damage.
You puncture the goblin!
You kill the goblin!
You barely miss the jackal. The jackal bites you.
The jackal closely misses you.
You take 1 damage, and have 15/16 hp.
You completely miss the jackal. You block the jackal's attack.
Health restored: 16 You closely miss the jackal.
You bite the jackal.
You kill the jackal!
The jackal bites you but does no damage.
Your Shields skill increases to level 3!
Unknown command.
You hit the jackal.
The jackal bites you but does no damage.
You hit the jackal.
You kill the jackal!
The giant cockroach waves its antennae.
You puncture the giant cockroach!
You kill the giant cockroach!
No target in view!
No target in view!
No target in view!
No target in view!
No target in view!
No target in view!
No target in view!
No target in view!
No target in view!
No target in view!
No target in view!
No target in view!
No target in view!
You now have 35 gold pieces (gained 13).
Things that are here:
a +0 dagger; a giant cockroach corpse; a goblin corpse
Things that are here:
a +0 dagger; a giant cockroach corpse; a goblin corpse A giant cockroach comes into view.
A giant cockroach is nearby!
A giant cockroach is nearby!
The giant cockroach waves its antennae.
Found a stone staircase leading down.
The giant cockroach barely misses you.
You barely miss the giant cockroach. Your bite misses the giant cockroach.
You block the giant cockroach's attack. The giant cockroach barely misses you.
You closely miss the giant cockroach. You bite the giant cockroach.
You drain its power.
The giant cockroach bites you but does no damage.
You barely miss the giant cockroach. You bite the giant cockroach.
You drain its power.
The giant cockroach bites you but does no damage.
You hit the giant cockroach.
You kill the giant cockroach!
Your Fighting skill increases to level 3!
You have reached level 3!
Your experience leads to an increase in your attributes!
Increase (s)trength, (i)ntelligence, or (d)exterity?
You feel stronger. x2
Health restored: 20; MP restored: 4
h - a scroll labelled DOJANAYNAA
There is a stone staircase leading down here.
A rat comes into view.
A rat is nearby!
You hit the rat.
You kill the rat!
No target in view!
No target in view!
s - 7 stones (quivered)
i - a scroll labelled ISYPAI JAGUE
M - 2 potions of might (gained 1)
There is a stone staircase leading down here.
You now have 45 gold pieces (gained 10).
You now have 50 gold pieces (gained 5).
j - a scroll labelled WUBBUN RUOS
s - 10 stones (gained 3)
k - 3 scrolls labelled RAGIOR NADERHA
Things that are here:
a +0 dagger; a goblin skeleton
There is an escape hatch in the floor here.
i - 2 scrolls labelled ISYPAI JAGUE (gained 1) Done exploring.
Done exploring.
Done exploring.
Done exploring.
This is a scroll of acquirement!
Something appears at your feet!
You see here a manual of Dodging.
Something appears at your feet!
Unknown command.

### #.......##.# #.#.# ..#
#.#.....##.# #.#.# #.#
#.#........# #.#.# #.#
##.#.....#).#######.#.#
#.#####.....................#
#......###...###.########..##
#.#.##..#.#.## #.# #..#
#.#.##.#.##.# #.# #..#
#.#.##.#.##># #@########..#
..#.#....##.# #...........#
......#..##.# ###########.# #
....#....##.# #.# #
###.##.#.##.# #.# # #
#.........# #.# #
###.......### #.# #
...###[#..###### #.# #
.......#.......# #.# #


There were no monsters in sight!

Vanquished Creatures
  3 bats (D:1)
  2 giant cockroaches (D:1)
  A goblin (D:1)
  2 hobgoblins (D:1)
  6 jackals (D:1)
  2 quokkas (D:1)
  2 ball pythons (D:1)
  A frilled lizard (D:1)
  A rat (D:1)
20 creatures vanquished.

Notes
Turn   | Place    | Note
-------+----------+-------------------------------------------
     0 | D:1      | OTABOTABOTAB the Vine Stalker Fighter began the quest for
                  | the Orb.
     0 | D:1      | Reached XP level 1. HP: 11/11 MP: 2/2
   265 | D:1      | Reached XP level 2. HP: 16/16 MP: 1/3
   269 | D:1      | Reached skill level 2 in Short Blades
   360 | D:1      | Reached skill level 3 in Shields
   386 | D:1      | Reached skill level 3 in Fighting
   386 | D:1      | Reached XP level 3. HP: 20/20 MP: 4/4
   752 | D:1      | Identified 3 scrolls of acquirement
   752 | D:1      | Acquired 1098 gold pieces
   753 | D:1      | Acquired a manual of Dodging
   754 | D:1      | Quit the game

Illustrated notes

Levels and vault maps discovered:
D:1:      spicycebolla_arrival_ecumenical, layout_loops_ring

Skill      XL: |  1  2 |
---------------+-------+-----
Short Blades   | 2 |  2.1
Shields        | 3 |  3.0
Fighting       | 3 |  3.0
Armour         | |  2.7

Action                     || total
---------------------------++-------
  Melee: Rapier            ||    52
         Bite              ||    11
  Throw: Stone             ||    11
    Use: Scroll            ||     2
 Armour: Scale mail        ||    27
  Dodge: Dodged            ||    31
  Block: Buckler           ||    12

Levels and vault maps discovered:
D:1:      spicycebolla_arrival_ecumenical, layout_loops_ring

Table legend: (Time is in decaauts)
 A = Elapsed time spent in this place.
 B = Non-inter-level travel time spent in this place.
 C = Inter-level travel time spent in this place.
 D = Time resting spent in this place.
 E = Time spent auto-exploring this place.
 F = Levels seen in this place.
 G = Mean time per level.
                   A        B        C        D        E       F      G
               +--------+--------+--------+--------+--------+-----+--------+
         Total |    762 |    762 |      0 |      0 |    646 |   1 |  762.0 |
       Dungeon |    762 |    762 |      0 |      0 |    646 |   1 |  762.0 |
               +--------+--------+--------+--------+--------+-----+--------+

Top non-repeatable levels by time:
     D:1: 762 daAuts

Table legend:
 A = Kills in this place as a percentage of kills in the entire game.
 B = Kills by you in this place as a percentage of kills by you in the entire game.
 C = Kills by friends in this place as a percentage of kills by friends in the entire game.
 D = Other kills in this place as a percentage of other kills in the entire game.
 E = Experience gained in this place as a percentage of experience gained in the entire game.
 F = Experience gained in this place divided by the number of levels of this place that you have seen.
                   A       B       C       D       E      F
               +-------+-------+-------+-------+-------+----------------------
         Total | 100.0 | 100.0 |   N/A |   N/A | 100.0 |  36.0
       Dungeon | 100.0 | 100.0 |   N/A |   N/A | 100.0 |  36.0
               +-------+-------+-------+-------+-------+----------------------
